 Dungeon Crawl Stone Soup version 0.18.1-48-g4cf74bf (console) character file.

465 lauthentik the Grave Robber (level 6, 0/43 HPs)
             Began as a Demonspawn Necromancer on July 5, 2016.
             Killed from afar by Dowan (8 damage)
             ... with a stone arrow
             ... on level 5 of the Dungeon.
             The game lasted 00:15:53 (3455 turns).

lauthentik the Grave Robber (DsNe)                  Turns: 3455, Time: 00:15:54

Health: 0/43       AC:  6    Str:  9    XL:     6   Next: 80%
Magic:  15/21      EV: 16    Int: 18    God:
Gold:   206        SH:  0    Dex: 13    Spells: 3 memorised, 5 levels left

rFire  . . .     SeeInvis .     D - +5 dagger of Springtime {pierce, rPois}
rCold  . . .     Gourm    .     a - +1 robe
rNeg   . . .     Faith    .     (no shield)
rPois  +         Spirit   .     (helmet restricted)
rElec  .         Dismiss  .     (no cloak)
rCorr  .         Reflect  .     (no gloves)
SustAt .         Harm     .     G - +2 pair of boots
MR     .....                    (no amulet)
Stlth  ++........               o - +4 ring of evasion
                                x - ring of magical power

@: not resistant to hostile enchantments, unstealthy
A: horns 1, spiny 1, sturdy frame 1
a: no special abilities


You were on level 5 of the Dungeon.
You were not hungry.

You visited 1 branch of the dungeon, and saw 5 of its levels.

You collected 206 gold pieces.

Inventory:

Hand Weapons
 h - a +0 club
 i - a +0 short sword
 k - a +0 short sword of venom
 n - a +3 short sword
 v - a -1 dagger
 D - the +5 dagger of Springtime (weapon) {pierce, rPois}
   (You found it on level 4 of the Dungeon)

   It inflicts extra damage upon your enemies.
   It protects you from poison.
Armour
 a - a +1 robe (worn)
 G - a +2 pair of boots (worn)
Jewellery
 o - a +4 ring of evasion (right hand)
 q - a +3 ring of protection
 u - a -5 ring of protection
 x - a ring of magical power (left hand)
 I - an uncursed ring of fire
Wands
 B - a wand of paralysis (17/24)
 E - a wand of iceblast (5/15)
Scrolls
 d - 6 scrolls of identify {unknown}
 e - 6 scrolls of remove curse
 f - 3 scrolls of teleportation
 j - 2 scrolls of blinking
 r - a scroll of enchant armour
 y - 4 scrolls of immolation {unknown}
 z - 2 scrolls of magic mapping {unknown}
Potions
 g - a potion of haste {unknown}
 l - a potion of cancellation {unknown}
 m - 2 potions of beneficial mutation {unknown}
 p - 2 potions of might {unknown}
 s - a potion of ambrosia {unknown}
 t - 2 potions of invisibility {unknown}
 w - 3 potions of mutation {unknown}
 H - a potion of degeneration {unknown}
Books
 b - a book of Necromancy

   Spells                             Type                      Level
   a - Pain                           Necromancy                   1
   b - Animate Skeleton               Necromancy                   1
   c - Vampiric Draining              Necromancy                   3
   d - Regeneration                   Charms/Necromancy            3
   e - Animate Dead                   Necromancy                   4
   f - Control Undead                 Necromancy                   4
Comestibles
 c - 5 bread rations
 A - 2 slices of pizza
 F - a meat ration


   Skills:
 + Level 1.1 Fighting
 + Level 0.3 Short Blades
 + Level 2.1 Dodging
 + Level 2.7 Stealth
 + Level 4.3 Spellcasting
 + Level 0.5 Charms
 + Level 6.7 Necromancy


You had 5 spell levels left.
You knew the following spells:

 Your Spells              Type           Power        Failure   Level  Hunger
a - Pain                  Necr           ####         1%          1    None
b - Regeneration          Chrm/Necr      ###.......   12%         3    ###....
c - Control Undead        Necr           ####......   12%         4    ####...


Dungeon Overview and Level Annotations

Branches:
Dungeon (5/15)
 Temple: D:4-7

Altars:
Elyvilon
Gozag
Makhleb
Zin
The Shining One

Annotations:
D:5 Dowan, Pikel


Innate Abilities, Weirdness & Mutations

You have a pair of small horns on your head.
You are partially covered in sharp spines.
Your movements are slightly less encumbered by armour (ER -2).


Message History

Aim: Duvessa, wielding a rapier (heavily wounded, fast, chance to defeat MR: 71%) Duvessa convulses in agony!
Duvessa is struck by your spines. Duvessa barely misses you.
Casting: Pain
Confirm with . or Enter, or press ? or * to list all spells.
Aiming: Pain
Press: ? - help, Shift-Dir - straight line, f/p - Duvessa
Aim: Duvessa, wielding a rapier (almost dead, fast, chance to defeat MR: 71%) Duvessa struggles to resist.
Duvessa is struck by your spines. Duvessa hits you with a rapier.
* * * LOW HITPOINT WARNING * * *
Duvessa is struck by your spines.
You kill Duvessa!
Dowan's eyes darken. "You have made a black mistake."
Dowan seems to find hidden reserves of power!
Dowan casts a spell at you. The shard of ice misses you.
Dowan points at you and mumbles some strange words.
The stone arrow hits you!
You die...

.######.pp.K.e...#####
#.# ##...####.......#
.# ##.....#####p###.#
#.......# #.# #.#
##.(...## #K# #.#
###...######.#
#.########
#..........#e#
#.........
#>##..####.#.#
#..####### #.##..#
#.#@###..# #.##..#
#........# #.##..#
###.##...# #.##..#
#.##...# ..##...
..##...# ####.##
#####...# #...# ....#
.....


You could see Pikel, a slave and Dowan.

Vanquished Creatures
  Duvessa (D:5)
  A centaur (D:5)
  A scorpion (D:4)
  An orc wizard (D:4)
  A hound skeleton (D:5)
  A worker ant zombie (D:5)
  4 adders
  4 gnolls (D:3)
  A shadow imp (D:5)
  An ooze (D:4)
  2 worms
  A dart slug (D:2)
  6 giant geckos
  11 orcs (D:4)
  2 ball pythons
  3 bats
  6 giant cockroaches
  8 goblins
  7 hobgoblins
  2 quokkas
  A ball python skeleton (D:5)
  3 giant newts
  A jackal skeleton (D:4)
  7 kobolds
  A quokka skeleton (D:3)
  8 rats
85 creatures vanquished.

Notes
Turn   | Place    | Note
--------------------------------------------------------------
     0 | D:1      | lauthentik the Demonspawn Necromancer began the quest for the Orb.
     0 | D:1      | Reached XP level 1. HP: 13/13 MP: 3/3
   220 | D:1      | Gained mutation: You have a pair of small horns on your head. [demonic ancestry]
   220 | D:1      | Reached XP level 2. HP: 12/19 MP: 1/5
   268 | D:1      | Found a glowing golden altar of the Shining One.
  1013 | D:2      | Reached skill level 5 in Necromancy
  1013 | D:2      | Gained mutation: You are partially covered in sharp spines. [demonic ancestry]
  1013 | D:2      | Reached XP level 3. HP: 16/24 MP: 3/6
  1791 | D:3      | Found a faded altar to an unknown god.
  1867 | D:3      | Reached XP level 4. HP: 28/30 MP: 8/8
  1878 | D:3      | Learned a level 3 spell: Regeneration
  1883 | D:3      | Learned a level 4 spell: Control Undead
  2071 | D:3      | Found a glowing silver altar of Zin.
  2214 | D:4      | Found an opulent altar of Gozag.
  2257 | D:4      | Found a burning altar of Makhleb.
  2261 | D:4      | Got a pitted dagger
  2262 | D:4      | Identified the +5 dagger of Springtime {pierce, rPois} (You found it on level 4 of the Dungeon)
  2303 | D:4      | Found a white marble altar of Elyvilon.
  2714 | D:3      | Reached XP level 5. HP: 12/36 MP: 6/9
  3057 | D:4      | Reached skill level 6 in Necromancy
  3220 | D:5      | Entered Level 5 of the Dungeon
  3330 | D:5      | Gained mutation: Your movements are slightly less encumbered by armour (ER -2). [demonic ancestry]
  3330 | D:5      | Reached XP level 6. HP: 42/42 MP: 11/11
  3351 | D:5      | Reached skill level 1 in Fighting
  3426 | D:5      | Noticed Dowan
  3427 | D:5      | Noticed Duvessa
  3432 | D:5      | Noticed Pikel
  3433 | D:5      | Noticed a slave
  3435 | D:5      | Noticed a slave
  3445 | D:5      | Noticed a slave
  3452 | D:5      | Killed Duvessa
  3455 | D:5      | Killed from afar by Dowan

Skill      XL: |  1  2  3  4  5  6 |
---------------+-------------------+-----
Necromancy     | 5 6 |  6.7
Stealth        | 2 |  2.7
Dodging        | 2 |  2.1
Spellcasting   | 3 4 |  4.3
Fighting       | 1 |  1.1
Short Blades   | |  0.3
Charms         | |  0.5

Action                   |  1- 3 |  4- 6 || total
-------------------------+-------+-------++-------
Melee: Unarmed           |     4 |       ||     4
       Short sword       |    37 |     3 ||    40
       Club              |     4 |       ||     4
       Headbutt          |     4 |     3 ||     7
       Dagger            |       |    29 ||    29
 Cast: Pain              |    40 |    61 ||   101
       Regeneration      |       |     2 ||     2
       Control Undead    |       |     4 ||     4
  Use: Scroll            |     4 |       ||     4
 Stab: Sleeping          |     3 |     3 ||     6
  Eat: Chunk             |     2 |     7 ||     9
Armor: Robe              |     4 |     1 ||     5
Dodge: Dodged            |    26 |    23 ||    49
